 Dungeon Crawl Stone Soup version 0.32-a0-918-g0f22ef8d61 (webtiles) character file.

Game seed: 15996507790777489014

4244 smashvw the Severer (level 10, -4/81 HPs)
             Began as a Mountain Dwarf Fighter on Apr 10, 2024.
             Was a Believer of Beogh.
             Slain by a death yak (17 damage)
             ... on level 8 of the Dungeon.
             The game lasted 00:16:47 (9095 turns).

smashvw the Severer (Mountain Dwarf Fighter)        Turns: 9095, Time: 00:16:48

Health: -4/81      AC:  8    Str: 22    XL:     10   Next: 9%
Magic:  10/10      EV:  8    Int: 10    God:    Beogh [**....]
Gold:   422        SH:  5    Dex: 15    Spells: 9/9 levels left

rFire   . . .        a - +0 war axe
rCold   . . .        c - +0 buckler
rNeg    . . .        b - +0 scale mail
rPois   .            e - +0 helmet
rElec   .            (no cloak)
rCorr   .            (no gloves)
SInv    .            (no boots)
Will    +....        (no amulet) Stlth
                     i - +6 ring of dexterity
HPRegen 0.33/turn    (no ring)
MPRegen 0.12/turn

%: no passive effects
@: no status effects
A: runic magic, artefact enchanting
a: Renounce Religion, Smiting


You were on level 8 of the Dungeon.
You worshipped Beogh.
Beogh was pleased with you.
You visited 1 branch of the dungeon, and saw 8 of its levels.
You also visited: Sewer.

You collected 422 gold pieces.

Inventory:

Hand Weapons
 a - a +0 war axe (weapon)
Armour
 b - a +0 scale mail (worn)
 c - a +0 buckler (worn)
 e - a +0 helmet (worn)
 C - a +2 hat
Jewellery
 i - a +6 ring of dexterity (left hand)
 l - an amulet of magic regeneration
 o - a ring of magical power
 B - an amulet of faith
 E - a ring of positive energy
 F - a ring of willpower
Wands
 n - a wand of flame (15)
 s - a wand of quicksilver (8)
Scrolls
 f - a scroll of noise {unknown}
 g - 6 scrolls of identify {unknown}
 p - 3 scrolls of enchant armour {unknown}
 q - a scroll of amnesia {unknown}
 r - a scroll of enchant weapon {unknown}
 t - 5 scrolls of teleportation {unknown}
 v - a scroll of silence {unknown}
 w - 2 scrolls of fog {unknown}
 y - 2 scrolls of blinking {unknown}
Potions
 d - a potion of might
 h - 2 potions of brilliance
 k - a potion of degeneration {unknown}
 m - 2 potions of heal wounds
 u - a potion of lignification {unknown}
 x - 2 potions of haste {unknown}
 z - 2 potions of experience {unknown}
 A - a potion of resistance {unknown}
 D - a potion of magic {unknown}


   Skills:
 + Level 5.0 Fighting
 + Level 15.4 Axes
 + Level 4.9 Armour
 - Level 6.0 Shields


You had 9 spell levels left.
You didn't know any spells.
Your spell library contained the following spells:

 Spells                   Type           Power      Damage    Failure   Level
 Lesser Beckoning         Tloc           0%         N/A       65%         2
 Maxwell's Portable Pile  Tloc           0%         2d(5-13)  86%         3
 Teleport Other           Tloc           0%         N/A       86%         3
 Summon Mana Viper        Hex/Summ       0%         N/A       100%        5
 Summon Cactus Giant      Summ           0%         N/A       100%        6
 Polar Vortex             Ice            0%         N/A       100%        9


Dungeon Overview and Level Annotations

Branches:
Dungeon (8/15)             Temple (0/1) D:6           Sewer (visited)
   Lair: D:8-11

Altars:
Fedhas
Gozag
Makhleb
Okawaru
Qazlal
Trog
Uskayaw
The Shining One

Annotations:
D:2 1 runed translucent door, Crazy Yiuf
D:6 1 runed translucent door, Krumphau's ghost, amateur DsMo


Innate Abilities, Weirdness & Mutations

Your facial features are unmistakably orcish.
Your spellcasting is much less encumbered by armour.
You can use scrolls of enchantment on lesser artefacts.


Message History

The death yak gores you but does no damage.
You slash the death yak!
The death yak is moderately wounded.
The death yak gores you.
You hit the death yak.
The death yak is heavily wounded.
The death yak gores you!
You barely miss the death yak.
The death yak is heavily wounded.
You hit the death yak but do no damage.
The death yak is heavily wounded.
The death yak gores you but does no damage.
You hit the death yak but do no damage.
The death yak is heavily wounded.
The death yak gores you!
You are too injured to fight recklessly!
You are too injured to fight recklessly!
You are too injured to fight recklessly!
You barely miss the death yak.
The death yak is heavily wounded.
The death yak barely misses you.
You slash the death yak!
The death yak is severely wounded.
The death yak gores you!
You hit the death yak but do no damage.
The death yak is severely wounded.
You hit the death yak but do no damage.
The death yak is severely wounded.
The death yak gores you.
* * * LOW HITPOINT WARNING * * *
You hit the death yak but do no damage.
The death yak is severely wounded.
The death yak gores you!
* * * LOW HITPOINT WARNING * * *
You hit the death yak.
The death yak is severely wounded.
You barely miss the death yak.
The death yak is severely wounded.
The death yak gores you!
You die...

#..........≈.≈##..##.####
###..##..##..#..........#
#########.............#
#....#..##.#..#
#.#.##..##.#.>#
#.#[##..##.#..#
#)#.##..#....##
#<#.##.......#
#)))@Y..#....#
#......###.#.# ###.##.#
#.#.# ... ..# ##..# #..
#.## #.. ..# ... #.# ##


You could see a death yak.

Vanquished Creatures
  A troll (D:7)
  5 yaks
  3 steam dragons (D:7)
  An acid dragon (D:8)
  2 ice beasts
  2 water moccasins
  2 black bears
  2 sky beasts
  3 ogres
  A centaur (D:8)
  A phantom (D:5)
  3 kobold brigands
  2 brain worms (Sewer)
  3 bullfrogs (D:6)
  2 scorpions (D:4)
  2 howler monkeys (D:8)
  2 hounds
  3 bombardier beetles
  3 jellies
  3 orc priests
  A gnoll bouda (D:6)
  5 orc wizards
  A sleepcap (D:6)
  An iguana (D:4)
  Robin (D:3)
  10 gnolls
  9 adders
  2 river rats
  2 white imps (D:6)
  4 ribbon worms
  A dart slug (D:2)
  21 orcs
  16 ball pythons
  10 endoplasms
  4 giant cockroaches
  19 goblins
  10 hobgoblins
  5 quokkas
  3 bats
  6 frilled lizards
  22 kobolds
  14 rats
213 creatures vanquished.

Vanquished Creatures (others)
  An orc (D:7)
1 creature vanquished.

Grand Total: 214 creatures vanquished

Notes
Turn   | Place    | Note
-------+----------+-------------------------------------------
     0 | D:1      | smashvw the Mountain Dwarf Fighter began the quest for the
                  | Orb.
     0 | D:1      | Reached XP level 1. HP: 19/19 MP: 1/1
    99 | D:1      | Reached XP level 2. HP: 24/26 MP: 2/2
   101 | D:1      | Reached skill level 3 in Axes
   304 | D:1      | You fall into a shaft and drop 1 floor!
   305 | D:2      | Upgraded the game from 0.32-a0-913-g739538afd8 to
                  | 0.32-a0-918-g0f22ef8d61
   427 | D:2      | Reached XP level 3. HP: 31/31 MP: 3/3
   614 | D:2      | Got the Vademecum on Chilblains and Apparitions
  1417 | D:2      | Found a runed translucent door.
  1418 | D:2      | Noticed Crazy Yiuf
  1457 | D:3      | Reached skill level 4 in Axes
  1568 | D:3      | Noticed Robin
  1569 | D:3      | Reached XP level 4. HP: 35/38 MP: 4/4
  1578 | D:3      | Killed Robin
  1935 | D:3      | Reached skill level 5 in Shields
  1953 | D:3      | Reached XP level 5. HP: 45/45 MP: 5/5
  1959 | D:3      | Reached skill level 5 in Axes
  2084 | D:3      | Identified the +7 spear "smashvw's Foe" {protect, *Slow
                  | rC+++ rN+}
  2220 | D:3      | Found an iron altar of Okawaru.
  2563 | D:4      | Reached XP level 6. HP: 14/51 MP: 6/6
  2805 | D:4      | Reached skill level 6 in Axes
  3380 | D:4      | Found a hide-covered altar of Uskayaw.
  3399 | D:4      | Noticed a +0 hand axe
  3399 | D:4      | Noticed a +0 dagger
  3404 | D:4      | Reached skill level 7 in Axes
  3474 | D:4      | Reached XP level 7. HP: 28/57 MP: 7/7
  3604 | D:4      | Reached skill level 8 in Axes
  3902 | D:5      | Entered Level 5 of the Dungeon
  4131 | D:5      | Reached skill level 9 in Axes
  4262 | D:5      | Became a worshipper of Beogh the Shepherd
  4392 | D:5      | Found a glowing drain.
  4396 | Sewer    | Entered a sewer
  4606 | Sewer    | Reached skill level 10 in Axes
  4606 | Sewer    | Reached XP level 8. HP: 55/63 MP: 6/8
  5119 | D:6      | Reached * piety under Beogh
  5120 | D:6      | Reached skill level 11 in Axes
  5288 | D:6      | Found a staircase to the Ecumenical Temple.
  5558 | D:6      | Reached skill level 12 in Axes
  5693 | D:6      | Found a blossoming altar of Fedhas.
  5840 | D:6      | HP: 3/63 [something (2)]
  6221 | D:6      | Found a glowing golden altar of the Shining One.
  6243 | D:6      | Found a runed translucent door.
  6245 | D:6      | Noticed Krumphau's ghost (amateur DsMo)
  6246 | D:6      | Noticed a cyclops
  6729 | D:6      | Reached ** piety under Beogh
  6730 | D:6      | Reached skill level 13 in Axes
  6730 | D:6      | Reached XP level 9. HP: 31/70 MP: 9/9
  7054 | D:7      | Noticed a troll
  7204 | D:7      | Killed a troll
  7414 | D:6      | Reached skill level 14 in Axes
  7484 | D:7      | Identified the +7 halberd of Bipp {drain, *Corrode rPois
                  | Dex+3}
  7751 | D:7      | Found an opulent altar of Gozag.
  8089 | D:7      | Found a stormy altar of Qazlal.
  8143 | D:7      | Reached skill level 15 in Axes
  8236 | D:7      | Found a bloodstained altar of Trog.
  8797 | D:8      | Found a burning altar of Makhleb.
  8899 | D:8      | Reached XP level 10. HP: 73/80 MP: 10/10
  9073 | D:8      | Reached skill level 5 in Fighting
  9080 | D:8      | Noticed a death yak
  9095 | D:8      | Slain by a death yak

Illustrated notes

Levels and vault maps discovered:
D:1:      lemuel_arrival_broad_hall, layout_basic
D:2:      layout_rooms, feat_on_display, uniq_crazy_yiuf_cottage
D:3:      minmay_evil_eye, layout_loops_ring, marbit_many_paths,
          serial_park_tiny_pond, chequers_serial_rivers_marsh, uniq_robin
D:4:      layout_basic, dancing_weapons_uskayaw
D:5:      layout_loops_ring, gup_sewer_entry_bowl
D:6:      layout_basic, tso_altar, mainiacjoe_overflow_tiny_flanked,
          minmay_temple_entry_stoned_glass, ebering_ghost_inner_flame
D:7:      layout_loops_ring, nicolae_qazlal_general_emergency,
          mainiacjoe_overflow_boulevard, mainiacjoe_overflow_catwalk
D:8:      layout_loops_ring, nzn_wu_jian_contemplation,
          mainiacjoe_overflow_24_doors, minitemple, david_lair_generic,
          serial_rivers, chequers_serial_rivers_micro_a,
          chequers_serial_rivers_micro_d, chequers_serial_rivers_small_3,
          chequers_serial_rivers_micro_b, minivault_22

Skill      XL: |  1  2  3  4  5  6  7  8  9 10 |
---------------+-------------------------------+-----
Axes           | 3 4 5 7 10 13 15 | 15.4
Shields        | 4 5 6 |  6.0
Fighting       | 4 5 |  5.0
Armour         | 4 |  4.9

Action                     |  1- 3 |  4- 6 |  7- 9 | 10-12 || total
---------------------------+-------+-------+-------+-------++-------
  Melee: War axe           |   119 |   207 |   413 |    48 ||   787
 Invoke: Convert to Beogh  |       |       |     1 |       ||     1
    Use: Potion            |       |       |     2 |     3 ||     5
 Armour: Scale mail        |   133 |   135 |   306 |    50 ||   624
  Dodge: Dodged            |    44 |    83 |   128 |    12 ||   267
  Block: Buckler           |    25 |    55 |   107 |    11 ||   198

Table legend: (Time is in decaauts)
 A = Elapsed time spent in this place.
 B = Non-inter-level travel time spent in this place.
 C = Inter-level travel time spent in this place.
 D = Time resting spent in this place.
 E = Time spent auto-exploring this place.
 F = Levels seen in this place.
 G = Mean time per level.
                   A        B        C        D        E       F      G
               +--------+--------+--------+--------+--------+-----+--------+
         Total |   9221 |   8937 |    284 |   1230 |   6137 |   9 | 1024.6 |
       Dungeon |   8803 |   8519 |    284 |   1230 |   5868 |   8 | 1100.4 |
         Sewer |    418 |    418 |      0 |      0 |    269 |   1 |  418.0 |
               +--------+--------+--------+--------+--------+-----+--------+

Top non-repeatable levels by time:
     D:6: 2371 daAuts
     D:7: 1446 daAuts
     D:4: 1374 daAuts
     D:3: 1132 daAuts
     D:5: 834 daAuts
     D:2: 754 daAuts
     D:1: 738 daAuts
   Sewer: 418 daAuts
     D:8: 150 daAuts
